 Dungeon Crawl Stone Soup version 0.21.1-1-g345015f (webtiles) character file.

1477 Kairos the Chopper (level 9, -7/68 HPs)
             Began as a Human Fighter on Apr 1, 2018.
             Was an Initiate of Okawaru.
             Killed from afar by Dowan (20 damage)
             ... with a shard of ice
             ... on level 6 of the Dungeon.
             The game lasted 00:08:49 (5780 turns).

Kairos the Chopper (Human Fighter)                  Turns: 5780, Time: 00:08:49

Health: -7/68      AC: 12    Str: 18    XL:     9   Next: 6%
Magic:  9/9        EV:  4    Int:  9    God:    Okawaru [......]
Gold:   232        SH: 11    Dex: 14    Spells: 8/8 levels left

rFire    + . .     SeeInvis +   a - +0 war axe
rCold    + . .     Gourm    .   c - +1 shield
rNeg     . . .     Faith    .   x - +0 plate armour
rPois    .         Spirit   .   (no helmet)
rElec    .         Reflect  .   r - scarf {rC+ rF+}
rCorr    .         Harm     .   (no gloves)
MR       .....                  (no boots)
Stlth    ..........             (no amulet)
HPRegen  0.21/turn              (no ring)
MPRegen  0.11/turn              m - ring of see invisible

@: no status effects
A: no striking features
a: Renounce Religion


You were on level 6 of the Dungeon.
You worshipped Okawaru.
Okawaru was noncommittal.
You were not hungry.

You visited 1 branch of the dungeon, and saw 6 of its levels.

You collected 232 gold pieces.

Inventory:

Hand Weapons
 a - a +0 war axe (weapon)
Missiles
 n - 12 tomahawks (quivered)
Armour
 b - a +0 scale mail
 c - a +1 shield (worn)
 g - a +2 buckler
 r - a scarf of resistance (worn)
 x - a +0 plate armour (worn)
Jewellery
 i - an uncursed ring of fire
 m - a ring of see invisible (right hand)
Scrolls
 e - 3 scrolls of amnesia
 h - 2 scrolls of blinking
 o - 2 scrolls of teleportation
 s - 2 scrolls of enchant armour
 u - a scroll of fog {unknown}
 v - 3 scrolls of magic mapping
 w - a scroll of identify
 y - 3 scrolls of fear
 z - a scroll of noise {unknown}
Potions
 d - a potion of might
 j - 2 potions of agility
 k - a potion of haste {unknown}
 l - 2 potions of heal wounds {unknown}
 p - 2 potions of lignification {unknown}
 q - 2 potions of flight {unknown}
 t - 2 potions of curing {unknown}
Comestibles
 f - 6 rations


   Skills:
 + Level 5.0 Fighting
 + Level 7.6 Axes
 + Level 5.8 Armour
 + Level 1.3 Dodging
 + Level 0.3 Stealth
 + Level 4.6 Shields


You had 8 spell levels left.
You didn't know any spells.

Dungeon Overview and Level Annotations

Branches:
Dungeon (6/15)
 Temple: D:4-7

Altars:
Ashenzari
Cheibriados
Dithmenos
Nemelex Xobeh
Okawaru
Trog
Xom
Yredelemnul
The Shining One

Annotations:
D:6 Dowan


Message History

Your plate armour prevents you from hitting Dowan.
Dowan is almost dead.
Dowan casts a spell.
Dowan blinks!
Dowan gestures at you while chanting. You block the shard of ice.
You block Dowan's attack.
You completely miss Dowan.
Dowan is almost dead.
You block Dowan's attack.
You hit Dowan but do no damage.
Dowan is almost dead.
Dowan casts a spell.
Dowan blinks!
Your plate armour prevents you from hitting Dowan.
Dowan is almost dead.
Dowan says, "Her death will not be in vain!"
Dowan gestures at you while chanting. The shard of ice hits you!
You partially resist.
You die...

♣♣.♣ ♣♣.♣♣ ♣♣)).♣ #
♣P))P♣ ##### . ##
##))## ##...####..
.## #))))# #...$....
..## #).)## #......#
#..####.## #......#
##..###.# #..@.<.+
##.....# #..e...#
##..### ##......##+#
#...# ##....).....#
##..#####....#..<####
#####.........####..#
............### #.#
...........## ##
.###......##


You could see Dowan.

Vanquished Creatures
  Prince Ribbit (D:5)
  Duvessa (D:6)
  2 phantoms (D:5)
  2 ogres
  A bullfrog (D:4)
  A scorpion (D:5)
  Crazy Yiuf (D:6)
  A crimson imp (D:6)
  3 hounds
  3 orc priests
  An iguana (D:4)
  2 orc wizards
  3 worker ants
  A killer bee zombie (D:5)
  2 hound zombies (D:5)
  A worker ant zombie (D:5)
  7 gnolls
  9 adders
  An ooze (D:1)
  3 worms
  3 dart slugs
  2 leopard geckos
  15 orcs
  A ball python (D:2)
  6 giant cockroaches
  6 hobgoblins
  5 jackals
  2 quokkas (D:5)
  9 bats
  4 frilled lizards
  6 goblins
  11 kobolds
  7 rats
123 creatures vanquished.

Notes
Turn   | Place    | Note
-------+----------+-------------------------------------------
     0 | D:1      | Kairos the Human Fighter began the quest for the Orb.
     0 | D:1      | Reached XP level 1. HP: 18/18 MP: 1/1
    66 | D:1      | Reached XP level 2. HP: 17/24 MP: 2/2
   193 | D:1      | Reached XP level 3. HP: 27/29 MP: 3/3
   553 | D:2      | Reached XP level 4. HP: 17/35 MP: 4/4
   555 | D:2      | Reached skill level 3 in Axes
   823 | D:2      | Found a snail-covered altar of Cheibriados.
   869 | D:2      | Reached skill level 1 in Dodging
  1328 | D:3      | Reached XP level 5. HP: 40/41 MP: 5/5
  1365 | D:3      | Found a shimmering altar of Xom.
  1365 | D:3      | Found a shattered altar of Ashenzari.
  1366 | D:3      | Found a basalt altar of Yredelemnul.
  1856 | D:3      | Found a bloodstained altar of Trog.
  2409 | D:4      | Reached skill level 4 in Axes
  2409 | D:4      | Reached XP level 6. HP: 42/48 MP: 6/6
  3165 | D:4      | Noticed an ogre
  3172 | D:4      | Killed an ogre
  3172 | D:4      | Reached XP level 7. HP: 29/54 MP: 7/7
  3403 | D:4      | Reached skill level 5 in Axes
  3695 | D:5      | Entered Level 5 of the Dungeon
  4066 | D:5      | Reached skill level 6 in Axes
  4165 | D:5      | Reached skill level 5 in Armour
  4165 | D:5      | Reached XP level 8. HP: 13/60 MP: 8/8
  4514 | D:5      | Noticed Prince Ribbit
  4844 | D:5      | Found a sparkling altar of Nemelex Xobeh.
  4994 | D:5      | Killed Prince Ribbit
  4994 | D:5      | Reached skill level 7 in Axes
  5283 | D:5      | Found a shadowy altar of Dithmenos.
  5363 | D:5      | Found an iron altar of Okawaru.
  5364 | D:5      | Found a glowing golden altar of the Shining One.
  5393 | D:5      | Became a worshipper of Warmaster Okawaru
  5673 | D:6      | Found a runed door.
  5677 | D:6      | Noticed Crazy Yiuf
  5681 | D:6      | Killed Crazy Yiuf
  5750 | D:6      | Noticed Dowan
  5751 | D:6      | Noticed Duvessa
  5769 | D:6      | Killed Duvessa
  5769 | D:6      | Reached skill level 5 in Fighting
  5769 | D:6      | Reached XP level 9. HP: 34/68 MP: 9/9
  5780 | D:6      | Killed from afar by Dowan

Skill      XL: |  1  2  3  4  5  6  7  8 |
---------------+-------------------------+-----
Axes           | 3 4 6 7 |  7.6
Dodging        | 1 |  1.3
Armour         | 4 5 |  5.8
Fighting       | 4 5 |  5.0
Shields        | 4 |  4.6
Stealth        | |  0.3

Action                   |  1- 3 |  4- 6 |  7- 9 || total
-------------------------+-------+-------+-------++-------
Melee: War axe           |    85 |   244 |   249 ||   578
  Use: Scroll            |     2 |     1 |     5 ||     8
       Potion            |       |       |     1 ||     1
  Eat: Chunk             |       |     8 |     5 ||    13
       Ration            |       |       |     1 ||     1
Armor: Scale mail        |    36 |    77 |       ||   113
       Plate armour      |       |    16 |   123 ||   139
Dodge: Dodged            |    41 |    99 |    73 ||   213
Block: Buckler           |    45 |    94 |    71 ||   210
       Shield            |     2 |       |    25 ||    27
